 Dungeon Crawl Stone Soup version 0.31-a0-7-g51783674b7 (webtiles) character file.

Game seed: 14307264703414721861

7326 toffzen the Cleaver (level 10, -7/93 HPs)
             Began as a Minotaur Berserker on May 5, 2023.
             Was a Priest of Trog.
             Mangled by a flayed ghost (8 damage)
             ... on level 1 of the Abyss.
             The game lasted 00:18:41 (10059 turns).

toffzen the Cleaver (Minotaur Berserker)           Turns: 10059, Time: 00:18:42

Health: -7/93      AC: 15    Str: 24      XL:     10   Next: 90%
Magic:  9/9        EV: 12    Int:  2 (4)  God:    Trog [***...]
Gold:   557        SH:  0    Dex: 12      Spells: 9/9 levels left

rFire   . . .        a - +0 war axe
rCold   . . .        (no shield)
rNeg    . . .        u - +0 chain mail
rPois   .            (helmet restricted)
rElec   .            m - +0 cloak
rCorr   .            q - +1 pair of gloves
SInv    .            (no boots)
Will    .....        (no amulet) Stlth
                     (no ring)
HPRegen 0.35/turn    (no ring)
MPRegen 0.11/turn

%: no passive effects
@: mighty, on berserk cooldown, hasted and slowed
A: horns 2, retaliatory headbutt
a: Renounce Religion, Berserk, Trog's Hand


You were on level 1 of the Abyss.
You worshipped Trog.
Trog was most pleased with you.
You visited 1 branch of the dungeon, and saw 10 of its levels.
You visited the Abyss 1 time.
You also visited: Sewer.

You collected 557 gold pieces.

Inventory:

Hand Weapons
 a - a +0 war axe (weapon)
 b - a +2 flail of draining
Missiles
 c - 24 stones (quivered)
 i - 2 silver boomerangs
 A - 15 poisoned darts
Armour
 m - a +0 cloak (worn)
 q - a +1 pair of gloves (worn)
 u - a +0 chain mail (worn)
Wands
 k - a wand of paralysis (1)
 s - a wand of roots (10)
 y - a wand of digging (4)
Scrolls
 f - 4 scrolls of immolation
 h - 2 scrolls of noise
 v - 2 scrolls of enchant armour
 x - a scroll of enchant weapon
 z - a scroll of silence
Potions
 d - 17 potions of degeneration
 e - 6 potions of curing
 g - 6 potions of attraction
 j - a potion of mutation
 l - 2 potions of cancellation
 o - a potion of flight {unknown}
 r - 4 potions of lignification
 B - a potion of invisibility {unknown}
 D - a potion of berserk rage {unknown}
 E - a potion of might


   Skills:
 + Level 9.8 Fighting
 * Level 13.1 Axes
 + Level 9.3 Armour
 + Level 8.6 Dodging


You had 9 spell levels left.
You didn't know any spells.
Your spell library was empty.

Dungeon Overview and Level Annotations

Branches:
Dungeon (10/15)            Temple (0/1) D:7           Sewer (visited)
   Lair: D:8-11         Orc: D:9-12

Altars:
Cheibriados
Dithmenos
Fedhas
Hepliaklqana
Nemelex Xobeh
Qazlal
Ru
Sif Muna
Trog
Uskayaw
Yredelemnul

Shops:
D:1 [=!

Annotations:
D:1 2 transporters
D:10 Erolcha


Innate Abilities, Weirdness & Mutations

You have a pair of horns on your head.
You reflexively headbutt those who attack you in melee.


Message History

You headbutt the thrashing horror!! The thrashing horror tramples you.
* * * LOW HITPOINT WARNING * * *
You feel sick.
You are no longer poisoned.
The thrashing horror completely misses you.
The thrashing horror misses you.
The thrashing horror tramples you but does no damage.
The thrashing horror misses you.
You feel as though your hastened speed will last longer.
The thrashing horror barely misses you. You furiously retaliate!
You headbutt the thrashing horror!! The thrashing horror tramples you.
* * * LOW HITPOINT WARNING * * *
You hold your ground!
You feel the effects of Trog's Hand fading.
The thrashing horror tramples you but does no damage. x2
The thrashing horror churns violently!
The thrashing horror seems to grow stronger.
A soul eater comes into view.
The thrashing horror tramples you.
* * * LOW HITPOINT WARNING * * *
You stumble backwards!
A flayed ghost comes into view.
Your skin stops crawling.
You feel less strong-willed. The thrashing horror barely misses you.
The thrashing horror closely misses you.
The thrashing horror attacks as you move away!
The thrashing horror tramples you!
* * * LOW HITPOINT WARNING * * *
The thrashing horror tramples you.
* * * LOW HITPOINT WARNING * * *
The thrashing horror misses you.
The thrashing horror tramples you but does no damage.
The flayed ghost cries, "Feel what I felt!"
The soul eater draws from the surrounding life force!
A smoke demon comes into view.
The smoke demon roars!
The thrashing horror tramples you.
* * * LOW HITPOINT WARNING * * *
You stumble backwards!
The flayed ghost hits you!
You die...

..# ## ##.#. ##.# #..#
.#... #.#.### .##.#
....## .. ##.##.##
####.#.. ... ####3##...#
#.#.###
#..#....#.##.###.# ...#
#...@W.##......##. ..
.##....X.##......##...
................. ......
........................
........................
.......3........... ....
.......................
........................
..##......##......# . ..


You could see a soul eater, a flayed ghost, a thrashing horror (strong) and a
smoke demon.

Vanquished Creatures
  A black mamba (shapeshifter) (Abyss:1)
  Joseph (D:7)
  Prince Ribbit (D:7)
  8 yaks
  3 wyverns
  4 steam dragons
  Grum (D:9)
  A neqoxec (Abyss:1)
  3 water moccasins (D:7)
  3 black bears
  Pargi (Sewer)
  2 sky beasts
  2 orc warriors
  An ice beast (D:10)
  3 wolves (D:9)
  An ogre (D:6)
  4 centaurs
  2 phantoms
  3 bullfrogs
  A scorpion (D:4)
  4 wights (D:8)
  7 killer bees
  7 howler monkeys
  8 orc priests
  4 hounds
  4 jellies
  2 sleepcaps
  A gnoll bouda (D:8)
  3 iguanas
  7 orc wizards
  Robin (D:3)
  8 gnolls
  6 adders
  2 ufetubi
  3 worms
  A dart slug (D:1)
  23 orcs
  7 ball pythons
  5 bats
  5 endoplasms
  4 giant cockroaches
  4 hobgoblins
  6 jackals
  4 quokkas
  5 frilled lizards
  20 goblins
  10 kobolds
  4 rats
211 creatures vanquished.

Vanquished Creatures (others)
  A gnoll (D:9)
  A plant (D:1)
  2 starspawn tentacles (Abyss:1)
4 creatures vanquished.

Grand Total: 215 creatures vanquished

Notes
Turn   | Place    | Note
-------+----------+-------------------------------------------
     0 | D:1      | toffzen the Minotaur Berserker began the quest for the Orb.
     0 | D:1      | Reached XP level 1. HP: 19/19 MP: 0/0
    90 | D:1      | Found Uriatz's Jewellery Shoppe.
   130 | D:1      | Found Nuheb's Antique Armour Emporium.
   264 | D:1      | Reached XP level 2. HP: 27/27 MP: 1/1
   289 | D:1      | Reached skill level 4 in Axes
   674 | D:1      | Found a transporter.
   678 | D:1      | Found Xibouwenuu's Distillery.
   781 | D:1      | Found a transporter.
  1038 | D:1      | Reached XP level 3. HP: 30/33 MP: 2/2
  1242 | D:2      | Found a sacrificial altar of Ru.
  1437 | D:2      | Reached ** piety under Trog
  1551 | D:2      | Found a faded altar of an unknown god.
  1576 | D:2      | Reached XP level 4. HP: 21/40 MP: 3/3
  2272 | D:3      | Reached skill level 5 in Axes
  2419 | D:3      | Found a glowing drain.
  2431 | Sewer    | Entered a sewer
  2517 | Sewer    | Noticed Pargi
  2535 | Sewer    | Killed Pargi
  2536 | Sewer    | Reached XP level 5. HP: 47/47 MP: 4/4
  2656 | D:3      | Noticed a phantom
  2665 | D:3      | Killed a phantom
  2666 | D:3      | Reached XP level 6. HP: 55/55 MP: 5/5
  2808 | D:3      | Noticed Robin
  2819 | D:3      | Reached skill level 6 in Axes
  2820 | D:3      | Killed Robin
  2821 | D:3      | Reached skill level 5 in Fighting
  2983 | D:3      | Found a hide-covered altar of Uskayaw.
  3271 | D:4      | Found a shimmering blue altar of Sif Muna.
  3339 | D:4      | Reached *** piety under Trog
  3394 | D:4      | Found a blossoming altar of Fedhas.
  3829 | D:5      | Entered Level 5 of the Dungeon
  3877 | D:5      | Reached XP level 7. HP: 61/61 MP: 6/6
  4011 | D:5      | Reached skill level 7 in Axes
  4105 | D:5      | Identified the +7 spear "Qysops" {freeze, Fragile rC++ rN+}
  4112 | D:5      | Reached skill level 5 in Armour
  4249 | D:5      | Found a stormy altar of Qazlal.
  4251 | D:5      | You fall into a shaft and drop 2 floors!
  4255 | D:7      | Noticed Prince Ribbit
  4263 | D:7      | Noticed Joseph
  4416 | D:6      | Found a basalt altar of Yredelemnul.
  4486 | D:6      | Reached skill level 5 in Dodging
  4486 | D:6      | Reached XP level 8. HP: 70/70 MP: 7/7
  4507 | D:6      | Reached skill level 8 in Axes
  4596 | D:5      | Identified the +0 leather armour "Japt" {rC++ Int+3 Dex-4
                  | SInv}
  4711 | D:5      | Found a sparkling altar of Nemelex Xobeh.
  5366 | D:6      | Reached skill level 9 in Axes
  5710 | D:6      | Reached XP level 9. HP: 72/79 MP: 8/8
  6013 | D:7      | Reached skill level 10 in Axes
  6024 | D:7      | Found a staircase to the Ecumenical Temple.
  6100 | D:7      | Found a hazy altar of Hepliaklqana.
  6393 | D:7      | Killed Joseph
  6450 | D:7      | Killed Prince Ribbit
  6748 | D:8      | Reached skill level 11 in Axes
  6934 | D:8      | Found a snail-covered altar of Cheibriados.
  7111 | D:8      | Reached XP level 10. HP: 80/90 MP: 9/9
  7935 | D:8      | Reached skill level 12 in Axes
  7942 | D:8      | Found a bloodstained altar of Trog.
  8225 | D:9      | Reached **** piety under Trog
  8415 | D:9      | Noticed Grum
  8426 | D:9      | Killed Grum
  8903 | D:9      | Found a shadowy altar of Dithmenos.
  9415 | D:10     | Entered Level 10 of the Dungeon
  9741 | D:10     | Noticed Erolcha
  9742 | Abyss:1  | Cast into level 1 of the Abyss (Erolcha)
  9777 | Abyss:1  | Found a corrupted altar of Lugonu.
  9809 | Abyss:1  | Noticed a sixfirhy
  9868 | Abyss:1  | Noticed a bone dragon
  9886 | Abyss:1  | Found a corrupted altar of Lugonu.
  9895 | Abyss:1  | Noticed a wretched star
  9951 | Abyss:1  | Noticed a large abomination
  9976 | Abyss:1  | Noticed a large abomination
 10005 | Abyss:1  | Noticed a cyan very ugly thing
 10005 | Abyss:1  | Noticed a harpy
 10009 | Abyss:1  | Noticed a tentacled starspawn
 10009 | Abyss:1  | a harpy changed into a black mamba
 10009 | Abyss:1  | Noticed a black mamba (shapeshifter)
 10035 | Abyss:1  | Killed a black mamba
 10036 | Abyss:1  | Reached skill level 13 in Axes
 10042 | Abyss:1  | Noticed a thrashing horror
 10055 | Abyss:1  | Noticed a soul eater
 10056 | Abyss:1  | Noticed a flayed ghost
 10058 | Abyss:1  | Noticed a smoke demon
 10059 | Abyss:1  | HP: 1/93 [thrashing horror (5)]
 10059 | Abyss:1  | Mangled by a flayed ghost

Illustrated notes

Levels and vault maps discovered:
D:1:      minmay_arrival_doors, layout_basic, serial_shops,
          nicolae_shop_real_fake_doors, nicolae_shop_drivethru,
          nicolae_shop_window_shopping, serial_bayou_lagoon_b
D:2:      layout_basic, basic_altar, nicolae_ecumenical_pavilion
D:3:      layout_rooms, nicolae_uskayaw_dance_hall,
          cheibrodos_sewer_entry_sluice, kennysheep_minor_cross,
          minmay_close_crescents, uniq_robin
D:4:      layout_loops_ring, marbit_many_paths, kennysheep_little_box
D:5:      layout_gridville, lemuel_doored_altar,
          mainiacjoe_overflow_surrounded_room
D:6:      layout_gridville, mainiacjoe_overflow_paths
D:7:      layout_basic, nzn_hepliaklqana_mist_gate,
          minmay_temple_entry_nine_rooms, uniq_joseph, uniq_prince_ribbit1
D:8:      layout_loops_ring, mainiacjoe_overflow_24_doors,
          mainiacjoe_overflow_alcove_2, dk_rats_in_the_wall
D:9:      layout_layer_cave, nicolae_dithmenos_shadow_blocks, enter_bailey_7,
          uniq_grum
D:10:     minmay_the_grid_square_5x5_4x4 [minmay_the_grid_square_5x5_moneybag,
          minmay_the_grid_square_5x5_corner, minmay_the_grid_square_5x5_inner_z,
          minmay_the_grid_square_5x5_comb, minmay_the_grid_square_5x5_percent,
          minmay_the_grid_square_5x5_prize_pseudospiral,
          minmay_the_grid_square_5x5_prize_deathbox,
          minmay_the_grid_square_5x5_shrine2,
          minmay_the_grid_square_5x5_checkered_sparse,
          minmay_the_grid_square_5x5_prize_itemx,
          minmay_the_grid_square_5x5_prize_rear_guard,
          minmay_the_grid_square_5x5_pentomino_r,
          minmay_the_grid_square_5x5_tie, minmay_the_grid_square_5x5_three,
          minmay_the_grid_square_5x5_shrine1, minmay_the_grid_square_5x5_slash],
          layout_stronghold, mainiacjoe_overflow_brackets,
          nicolae_elyvilon_temple_path, serial_ice, serial_ice_m, serial_ice_c,
          serial_ice_i, serial_ice_f, serial_ice_b, serial_ice_g, serial_ice_o,
          chequers_jeans, nicolae_inconvenience_store, lightli_fourway_metalbox,
          uniq_erolcha, uniq_snorg
Abyss:1:  base: D:7, hangedman_abyss_theft, patterned_corridor,
          hangedman_decor_riveting, hangedman_decor_riveting

Skill      XL: |  1  2  3  4  5  6  7  8  9 10 |
---------------+-------------------------------+-----
Axes           | 4 5 6 7 9 11 13 | 13.1
Fighting       | 4 5 6 7 8 9 |  9.8
Armour         | 3 4 5 6 8 9 |  9.3
Dodging        | 3 4 5 6 7 8 |  8.6

Action                     |  1- 3 |  4- 6 |  7- 9 | 10-12 || total
---------------------------+-------+-------+-------+-------++-------
  Melee: Hand axe          |   100 |   105 |    40 |       ||   245
         Headbutt          |    10 |    12 |    46 |    30 ||    98
         Punch             |       |     2 |     3 |     1 ||     6
         War axe           |       |       |   184 |   146 ||   330
  Throw: Stone             |       |     2 |       |       ||     2
 Invoke: Berserk           |       |     4 |     6 |     3 ||    13
         Trog's Hand       |       |     1 |     2 |     5 ||     8
  Evoke: Wand              |       |     3 |     3 |       ||     6
    Use: Scroll            |       |    10 |     6 |     7 ||    23
         Potion            |       |       |       |     7 ||     7
   Stab: Paralysed         |       |     4 |     2 |       ||     6
 Armour: Animal skin       |    22 |       |       |       ||    22
         Ring mail         |     8 |    24 |    26 |       ||    58
         Chain mail        |       |       |    87 |    92 ||   179
  Dodge: Dodged            |    61 |    55 |   138 |   117 ||   371

Table legend: (Time is in decaauts)
 A = Elapsed time spent in this place.
 B = Non-inter-level travel time spent in this place.
 C = Inter-level travel time spent in this place.
 D = Time resting spent in this place.
 E = Time spent auto-exploring this place.
 F = Levels seen in this place.
 G = Mean time per level.
                   A        B        C        D        E       F      G
               +--------+--------+--------+--------+--------+-----+--------+
         Total |  10185 |   9955 |    230 |   1546 |   6248 |  12 |  848.8 |
       Dungeon |   9657 |   9427 |    230 |   1495 |   6210 |  10 |  965.7 |
         Abyss |    290 |    290 |      0 |      0 |      0 |   1 |  290.0 |
         Sewer |    237 |    237 |      0 |     51 |     38 |   1 |  237.0 |
               +--------+--------+--------+--------+--------+-----+--------+

Top non-repeatable levels by time:
     D:9: 1437 daAuts
     D:7: 1266 daAuts
     D:1: 1195 daAuts
     D:2: 1110 daAuts
     D:5: 1088 daAuts
     D:8: 1016 daAuts
     D:6: 886 daAuts
     D:4: 791 daAuts
     D:3: 573 daAuts
    D:10: 291 daAuts
 Abyss:1: 290 daAuts
   Sewer: 237 daAuts
